 Dungeon Crawl Stone Soup version 0.31-a0-175-g9f7f995f2b (webtiles) character file.

Game seed: 11875364486394205905

0 Moral the Vexing (level 1, 0/7 HPs)
             Began as a Felid Enchanter on June 17, 2023.
             Constricted to death by a ball python (1 damage)
             ... on level 1 of the Dungeon.
             The game lasted 00:00:41 (127 turns).

Moral the Vexing (Felid Enchanter)                   Turns: 127, Time: 00:00:42

Health: 0/7        AC:  1    Str:  4    XL:     1   Next: 8%
Magic:  4/4        EV: 14    Int: 16    God:
Gold:   0          SH:  0    Dex: 16    Spells: 4/4 levels left
                                        Lives:  0   Deaths: 0

rFire   . .          .
                       - Unarmed
rCold   . . .        (shield unavailable)
rNeg    . . .        (body armour unavailable)
rPois   .            (helmet unavailable)
rElec   .            (cloak unavailable)
rCorr   .            (gloves unavailable)
SInv    +            (boots unavailable)
Will    .....        (no amulet)
Stlth   +++          (no ring)
HPRegen 0.21/turn    (no ring)
MPRegen 0.09/turn

%: no passive effects
@: constricted, quick
A: very small, claws 1, fangs 3, see invisible, speed 1, shaggy fur 1, stealthy
paws, no weapons or thrown items, no armour, multi-lived
a: no special abilities


You were on level 1 of the Dungeon.
You visited 1 branch of the dungeon, and saw 1 of its levels.

Inventory:

Scrolls
 c - a scroll of identify {unknown}
Potions
 a - 2 potions of invisibility
 b - a potion of curing {unknown}


   Skills:
 + Level 2.7 Dodging
 * Level 4.0 Stealth
 + Level 1.0 Unarmed Combat
 + Level 2.0 Spellcasting
 * Level 4.4 Hexes


You had 4 spell levels left.
You didn't know any spells.
Your spell library contained the following spells:

 Spells                   Type           Power      Damage    Failure   Level
 Confusing Touch          Hex            15%        N/A       10%         3
 Tukima's Dance           Hex            15%        N/A       10%         3
 Ensorcelled Hibernation  Hex/Ice        16%        N/A       13%         2
 Dazzling Flash           Conj/Hex       16%        N/A       26%         3


Dungeon Overview and Level Annotations

Branches:
Dungeon (1/15)

Altars:


Innate Abilities, Weirdness & Mutations

You have sharp claws.
You have razor-sharp teeth.
You have supernaturally acute eyesight. (SInv)
You cover ground quickly. (Speed+)
You are covered in fur. (AC +1)
Your paws help you pounce on unaware monsters.
You are incapable of wielding weapons or throwing items.
You cannot wear armour.
You gain extra lives every three experience levels.


Message History

You scratch the bat.
You kill the bat!
Sorry, you're not good enough to have a special ability.
Sorry, you're not good enough to have a special ability.
Found an escape hatch in the floor.
There is an escape hatch in the floor here.
b - a puce potion
Found a runed mace.
You see here a +2 heavy mace.
Found a whip.
Found a pair of gloves.
Found a dagger.
You see here a +0 dagger.
Found two slings.
Found a stone staircase leading down.
Found a stone staircase leading down.
c - a scroll labelled ILU MIPSOTIG
There are no items here.
There is a stone staircase leading down here.
A ball python comes into view.
A ball python is nearby!
Found 7 stones and 15 gold pieces.
The ball python hisses angrily.
You barely miss the ball python. The ball python misses you.
The ball python grabs you. The ball python constricts you.
The ball python misses you. The ball python constricts you.
You scratch the ball python.
The ball python is moderately wounded.
A giant cockroach comes into view.
The ball python barely misses you. The ball python constricts you.
You scratch the ball python.
The ball python is heavily wounded.
The ball python bites you.
* * * LOW HITPOINT WARNING * * *
The ball python constricts you.
* * * LOW HITPOINT WARNING * * *
You barely miss the ball python.
The ball python is heavily wounded.
The ball python closely misses you. The ball python constricts you.
You die...

....##.........
...........$...
...............
.............♣
...#.........♣
#......P... .♣
.##..BP..###.♣ ♣
.....PS@.....♣.♣....
.(.#.♣♣♣P..>.♣.♣........
♣..P..............
♣♣..#............. #
♣.P.#.#.[.)....#.. #.
♣PP#.>##.P........ #..
♣♣.P..#............
#...♣.......PP♣.P......
)..PPP..###.♣.♣♣♣......


You could see a giant cockroach and a ball python.

Vanquished Creatures
  A bat (D:1)
1 creature vanquished.

Notes
Turn   | Place    | Note
-------+----------+-------------------------------------------
     0 | D:1      | Moral the Felid Enchanter began the quest for the Orb.
     0 | D:1      | Reached XP level 1. HP: 7/7 MP: 4/4
   127 | D:1      | Constricted to death by a ball python

Illustrated notes

Levels and vault maps discovered:
D:1:      dpeg_arrival_boxorama, layout_rooms, serial_shops,
          nicolae_shop_statue_plus, serial_forest, infiniplex_forest_clump_long,
          infiniplex_forest_side_room, infiniplex_forest_zigzag_2,
          infiniplex_forest_lined_corner, infiniplex_forest_3_way,
          infiniplex_forest_straight_4, infiniplex_forest_clump_long,
          infiniplex_forest_lined_corner, infiniplex_forest_straight_2,
          infiniplex_forest_straight_4

Action                     || total
---------------------------++-------
  Melee: Unarmed           ||     6
  Dodge: Dodged            ||     9

Table legend: (Time is in decaauts)
 A = Elapsed time spent in this place.
 B = Non-inter-level travel time spent in this place.
 C = Inter-level travel time spent in this place.
 D = Time resting spent in this place.
 E = Time spent auto-exploring this place.
 F = Levels seen in this place.
 G = Mean time per level.
                   A        B        C        D        E       F      G
               +--------+--------+--------+--------+--------+-----+--------+
         Total |    103 |    103 |      0 |      0 |     72 |   1 |  103.0 |
       Dungeon |    103 |    103 |      0 |      0 |     72 |   1 |  103.0 |
               +--------+--------+--------+--------+--------+-----+--------+

Top non-repeatable levels by time:
     D:1: 103 daAuts
